 Dungeon Sprint DCSS version 0.30-a0-920-g7493c07aab (webtiles) character file.

Game seed: 13448132815896797735

4741 testman the Brawler (level 10, -10/123 HPs)
             Began as a Troll Berserker on Mar 21, 2023.
             Was a High Priest of Trog.
             Killed from afar by a deep elf knight (28 damage)
             ... with a shard of ice
             ... in the Dungeon (Sprint III: "The Ten Rune Challenge").
             The game lasted 00:06:47 (881 turns).

testman the Brawler (Troll Berserker)                Turns: 881, Time: 00:06:49

Health: -10/123    AC:  4    Str: 31    XL:     10   Next: 22%
Magic:  9/9        EV: 10    Int:  3    God:    Trog [*****.]
Gold:   2203       SH:  0    Dex:  9    Spells: 9/9 levels left

rFire   . . .      SeeInvis .      - Unarmed
rCold   . . .      Faith    .    (no shield)
rNeg    . . .      Spirit   .    a - +0 animal skin
rPois   .          Reflect  .    (helmet restricted)
rElec   .          Rampage  .    (no cloak)
rCorr   .          NoTele   +    (gloves unavailable)
Will    ++...                    (boots unavailable)
Stlth   +                        (no amulet)
HPRegen 2.20/turn                (no ring)
MPRegen 0.11/turn                (no ring)

@: strong-willed, on berserk cooldown, regenerating, slowed, very slow
A: large, unfitting armour, claws 3, regeneration 1, shaggy fur 1, tough skin 1
a: Renounce Religion, Berserk, Trog's Hand, Brothers in Arms


You were in the Dungeon.
You worshipped Trog.
Trog was extremely pleased with you.
You visited 1 branch You collected 2203 gold pieces.

Inventory:

Armour
 a - a +0 animal skin (worn)
Wands
 n - a wand of flame (22)
Scrolls
 g - a scroll of blinking
 h - 4 scrolls of identify
 j - a scroll of poison {unknown}
 l - a scroll of immolation {unknown}
Potions
 b - 2 potions of curing
 d - a potion of haste
 e - 2 potions of magic
 f - 2 potions of berserk rage
 i - 3 potions of mutation {unknown}
 k - 3 potions of flight
 m - a potion of attraction {unknown}
Miscellaneous
 o - a piece from Xom's chessboard (14/15)


   Skills:
 + Level 14.5 Fighting
 - Level 3.5 Dodging
 + Level 17.2 Unarmed Combat


You had 9 spell levels left.
You didn't know any spells.
Your spell library was empty.

Dungeon Overview and Level Annotations

Branches:
Dungeon (1/1)

Altars:
Cheibriados
Dithmenos
Elyvilon
Fedhas
Gozag
Hepliaklqana
Kikubaaqudgha
Makhleb
Nemelex Xobeh
Okawaru
Qazlal
Ru
Sif Muna
Trog
Uskayaw
Vehumet
Wu Jian
Xom
Yredelemnul
Zin
The Shining One
Jiyva
Lugonu

Shops:
D *


Innate Abilities, Weirdness & Mutations

You are too large for most types of armour.
You have claws for hands.
Your natural rate of healing is unusually fast.
You are covered in fur. (AC +1)
You have tough skin. (AC +1)


Message History

Your troll closely misses something.
Something hits your troll!!
Your troll completely misses something.
Your troll closely misses something. x2
Something closely misses your troll.
Your troll closely misses something. x3
Your troll barely misses something.
Your troll closely misses something.
Your troll claws something.
Something hits your troll but does no damage.
The deep elf knight mumbles some strange words.
The deep elf knight flickers and vanishes!
You hear some strange, mumbled words.
A shard of ice appears from out of thin air!
The shard of ice hits your troll!!
You hear some strange, mumbled words.
You hear some strange, mumbled words.
A lance of force appears from out of thin air!
The lance of force hits something!
Something collides with your troll!
Your troll dies!
Your troll's corpse disappears in a puff of smoke!
You hear some strange, mumbled words.
A shard of ice appears from out of thin air!
The shard of ice hits something!!!
Reactivating autopickup.
You feel a bit more experienced.
There is an open door to the Elven Halls here.
You swing at nothing.
Something hits you!
Deactivating autopickup; reactivate with Ctrl-A.
You closely miss something. Something hits you!!
You claw something! Something hits you!! x2
* * * LOW HITPOINT WARNING * * *
You are too injured to fight recklessly!
You feel much better. Something hits you!! Something hits you!
* * * LOW HITPOINT WARNING * * *
Okay, then.
You make a move on Xom's chessboard...
The deep elf zephyrmancer twists and deforms.
Something hits you!!
* * * LOW HITPOINT WARNING * * *
You hear some strange, mumbled words.
A shard of ice appears from out of thin air!
The shard of ice hits you!!
You die...

▓▓▓▓▓▓▓▓▓
########.#...#.#########
___#__##.#.##∩#.@{e#...#
__.#._#........)##e#...##≈
'###)##)).....).##)#...≈≈≈
......#))........#{#...##≈
......#)###..###.#.e...#
#####'#)##...# #########
__#...#'#####################
__#...#..~~~'.#.')).'.#.#.#.+
__#...#.#)~~#.#.#)..##.#.#.##


You could see a deep elf pyromancer and a deep elf zephyrmancer (misshapen).

Vanquished Creatures
  A centaur warrior (D)
  Erica (D)
  A deep elf pyromancer (D)
  2 orc knights (D)
  A deep elf zephyrmancer (D)
  2 unseen horrors (D)
  A shadow (D)
  A spatial vortex (D)
  2 centaurs (D)
  An earth elemental (D)
  A necrophage (D)
  A water elemental (D)
  A jelly (D)
  2 orc priests (D)
  A wizard (D)
  4 orc wizards (D)
  A necromancer (D)
  3 humans (D)
  A kobold demonologist (D)
  A phantom (D)
  10 orcs (D)
  2 endoplasms (D)
  2 rats (D)
43 creatures vanquished.

Vanquished Creatures (others)
  A deep elf knight (D)
1 creature vanquished.

Grand Total: 44 creatures vanquished

Notes
Turn   | Place    | Note
-------+----------+-------------------------------------------
     0 | D        | testman the Troll Berserker began the quest for the Orb.
     0 | D        | Reached XP level 1. HP: 22/22 MP: 0/0
    12 | D        | Reached ** piety under Trog
    43 | D        | Reached skill level 4 in Unarmed Combat
    43 | D        | Reached XP level 2. HP: 24/31 MP: 1/1
   102 | D        | Noticed a water elemental
   108 | D        | Killed a water elemental
   108 | D        | Reached *** piety under Trog
   109 | D        | Reached skill level 5 in Fighting
   109 | D        | Reached skill level 6 in Unarmed Combat
   109 | D        | Reached XP level 3. HP: 41/42 MP: 2/2
   109 | D        | Reached XP level 4. HP: 49/50 MP: 3/3
   152 | D        | Found a radiant altar of Vehumet.
   152 | D        | Found a shimmering blue altar of Sif Muna.
   152 | D        | Found an ancient bone altar of Kikubaaqudgha.
   152 | D        | Noticed a wizard
   160 | D        | Killed a wizard
   161 | D        | Reached skill level 7 in Unarmed Combat
   211 | D        | Found a glowing silver altar of Zin.
   211 | D        | Found a glowing golden altar of the Shining One.
   211 | D        | Found a white marble altar of Elyvilon.
   212 | D        | Noticed a deep elf pyromancer
   217 | D        | Killed a deep elf pyromancer
   217 | D        | Reached **** piety under Trog
   218 | D        | Reached skill level 11 in Unarmed Combat
   218 | D        | Reached XP level 5. HP: 67/67 MP: 4/4
   218 | D        | Reached XP level 6. HP: 75/75 MP: 5/5
   218 | D        | Reached XP level 7. HP: 83/83 MP: 6/6
   248 | D        | Found a hide-covered altar of Uskayaw.
   248 | D        | Found an iron altar of Okawaru.
   248 | D        | Found a bloodstained altar of Trog.
   248 | D        | Found an ornate altar of the Wu Jian Council.
   248 | D        | Noticed a human
   249 | D        | Noticed a human
   255 | D        | Killed a human
   258 | D        | Killed a human
   259 | D        | Reached skill level 10 in Fighting
   259 | D        | Reached skill level 12 in Unarmed Combat
   299 | D        | Found a basalt altar of Yredelemnul.
   299 | D        | Found a shadowy altar of Dithmenos.
   299 | D        | Found a sacrificial altar of Ru.
   303 | D        | Reached ***** piety under Trog
   337 | D        | Noticed a shadow
   351 | D        | Killed a shadow
   352 | D        | Reached XP level 8. HP: 96/96 MP: 7/7
   395 | D        | Found a blossoming altar of Fedhas.
   395 | D        | Found a stormy altar of Qazlal.
   395 | D        | Found a snail-covered altar of Cheibriados.
   395 | D        | Found a burning altar of Makhleb.
   395 | D        | Found a shimmering altar of Xom.
   396 | D        | Found a hazy altar of Hepliaklqana.
   396 | D        | Found an opulent altar of Gozag.
   396 | D        | Found a sparkling altar of Nemelex Xobeh.
   396 | D        | Found a corrupted altar of Lugonu.
   396 | D        | Found a viscous altar of Jiyva.
   404 | D        | Reached skill level 13 in Unarmed Combat
   448 | D        | Noticed Erica
   452 | D        | Killed Erica
   453 | D        | Reached skill level 14 in Unarmed Combat
   499 | D        | Noticed an orc knight
   500 | D        | Received a gift from Trog
   501 | D        | Found Edghoizxi's General Store.
   501 | D        | Noticed an orc knight
   505 | D        | Killed an orc knight
   506 | D        | Reached XP level 9. HP: 107/107 MP: 8/8
   512 | D        | Received a gift from Trog
   517 | D        | Killed an orc knight
   518 | D        | Reached skill level 15 in Unarmed Combat
   524 | D        | Reached ****** piety under Trog
   529 | D        | Received a gift from Trog
   693 | D        | Noticed a centaur warrior
   699 | D        | Killed a centaur warrior
   700 | D        | Reached skill level 16 in Unarmed Combat
   747 | D        | Killed an unseen horror
   748 | D        | Reached XP level 10. HP: 72/122 MP: 9/9
   849 | D        | Noticed a deep elf knight
   849 | D        | Noticed a deep elf zephyrmancer
   849 | D        | Noticed a deep elf pyromancer
   849 | D        | Noticed a deep elf knight
   849 | D        | Noticed a deep elf zephyrmancer
   863 | D        | Killed a deep elf zephyrmancer
   863 | D        | Received a gift from Trog
   864 | D        | Reached skill level 17 in Unarmed Combat
   875 | D        | Killed a deep elf knight
   881 | D        | Killed from afar by a deep elf knight

Illustrated notes

Levels and vault maps discovered:
D:        dungeon_sprint_mu [sprint_mu_entry_forest, sprint_mu_temple_rooms,
          sprint_mu_d1_horrors, sprint_mu_d2_genie, sprint_mu_d3_branching,
          sprint_mu_orc_legion, sprint_mu_elf_gauntlet, sprint_mu_hive_nellie,
          sprint_mu_lair_fedhas, sprint_mu_vaults_butterflies,
          sprint_mu_slime_circle, sprint_mu_shoals_kraken,
          sprint_mu_snake_twists, sprint_mu_blade_basic, sprint_mu_crypt_lich,
          sprint_mu_tomb_spiral, sprint_mu_vestibule_basic,
          sprint_mu_gehenna_hellfire, sprint_mu_dis_giant,
          sprint_mu_tartarus_statrot, sprint_mu_cocytus_islands, sprint_mu_zot1]

Skill      XL: |  1  2  3  4  5  6  7  8  9 10 |
---------------+-------------------------------+-----
Fighting       | 3 5 9 10 12 14 | 14.5
Dodging        | 3 |  3.5
Unarmed Combat | 4 6 11 12 14 16 17 | 17.2

Action                     |  1- 3 |  4- 6 |  7- 9 | 10-12 || total
---------------------------+-------+-------+-------+-------++-------
  Melee: Unarmed           |    24 |    12 |    70 |     9 ||   115
         Punch             |       |     1 |     2 |       ||     3
 Invoke: Berserk           |     1 |     2 |     8 |     1 ||    12
         Trog's Hand       |       |     1 |       |     1 ||     2
         Brothers in Arms  |       |       |       |     1 ||     1
  Evoke: Piece from Xom's  |       |       |       |     1 ||     1
    Use: Potion            |       |       |       |     1 ||     1
 Armour: Animal skin       |     4 |     1 |     6 |       ||    11
  Dodge: Dodged            |     7 |     2 |    21 |       ||    30

Table legend: (Time is in decaauts)
 A = Elapsed time spent in this place.
 B = Non-inter-level travel time spent in this place.
 C = Inter-level travel time spent in this place.
 D = Time resting spent in this place.
 E = Time spent auto-exploring this place.
 F = Levels seen in this place.
 G = Mean time per level.
                   A        B        C        D        E       F      G
               +--------+--------+--------+--------+--------+-----+--------+
         Total |    956 |    897 |     59 |    522 |      0 |   1 |  956.0 |
       Dungeon |    956 |    897 |     59 |    522 |      0 |   1 |  956.0 |
               +--------+--------+--------+--------+--------+-----+--------+

Top non-repeatable levels by time:
       D: 956 daAuts
